Map: Aire du défenseur EC

Players

zidar

  • Race: Zerg Zerg
  • League: Gold
  • Spawn Location: 1:00

frol - Winner!

  • Race: Zerg Zerg
  • League: Gold
  • Spawn Location: 7:00

VOD

Have the link to the VOD?

Description

Time

  • Played on: July 8, 2017, 11:31 a.m.
  • Length: 6:20
Show
View Real Time Build Order
Export as new Build Order

zidar Zerg 

Build Orders: 1 Base Baneling Bust, Pool First 

Get SALT Encoding   

  12  0:08  Drone x2  
  14  0:16  Extractor  
  14  0:17  Drone  
  14  0:43  Spawning Pool  
  14  0:47  Drone  
  14  0:49  Overlord  
  14  0:56  Overlord  
  14  1:08  Drone  
  15  1:32  Zergling x6  
  18  1:48  Queen  
  18  1:49  Baneling Nest  
  18  1:52  Metabolic Boost  
  19  1:59  Zergling x2  
  20  2:04  Zergling x2  
  21  2:21  Spine Crawler  
  20  2:33  Spine Crawler  
  13  3:08  Zergling x6  
  16  3:26  Baneling  
  16  4:00  Hatchery  
  15  4:06  Zergling x6  
  18  4:21  Drone  
  16  4:52  Zergling x6  
  18  5:02  Zergling x2  
  18  5:03  Zergling x4  
  21  5:17  Drone  
  21  5:19  Queen  
  24  5:22  Drone x2  
  23  5:56  Zergling x16  
Show
View Real Time Build Order
Export as new Build Order

frol Zerg - Winner!

Build Orders: Pool First 

Get SALT Encoding   

  12  0:01  Drone  
  13  0:14  Drone  
  14  0:17  Overlord  
  14  0:26  Extractor, Drone  
  15  0:41  Drone  
  15  0:42  Drone  
  17  0:50  Drone  
  17  0:56  Spawning Pool  
  17  0:57  Extractor, Drone  
  17  1:08  Drone  
  18  1:23  Drone  
  19  1:37  Drone  
  20  1:44  Queen  
  20  1:45  Overlord  
  22  2:02  Roach Warren  
  22  2:04  Drone x2  
  23  2:13  Spine Crawler  
  22  2:16  Zergling x2  
  23  2:52  Zergling x2  
  23  2:53  Zergling x4  
  22  3:46  Roach Warren  
  21  3:52  Queen  
  23  3:56  Overlord  
  23  4:21  Overlord  
  20  4:52  Roach x6  
  32  4:53  Roach  
  32  4:55  Queen  
  32  4:56  Overlord  
  34  5:15  Hatchery  
  33  5:31  Roach x3  
  41  6:00  Roach  
  41  6:01  Roach  
Tags
 
Add a new tag
Caveats
  • Supply blocks, unpowered buildings, or Contaminate may cause inaccurate times.
  • Supply counts are checked every 10 seconds.